 Dungeon Crawl Stone Soup version 0.19.0-9-gfd783f2 (webtiles) character file.

18090 Gingerlord the Fighter (level 12, -1/96 HPs)
             Began as a Mummy Fighter on Nov 7, 2016.
             Was an Initiate of Gozag.
             Killed from afar by alphappy's ghost (25 damage)
             ... with a stone arrow
             ... on level 4 of the Lair of Beasts on Nov 8, 2016.
             The game lasted 00:44:18 (17413 turns).

Gingerlord the Fighter (Mummy Fighter)             Turns: 17413, Time: 00:44:19

Health: -1/96      AC: 15    Str: 20    XL:     12   Next: 24%
Magic:  16/16      EV:  9    Int:  8    God:    Gozag
Gold:   1089       SH: 11    Dex: 18    Spells: 0 memorised, 11 levels left

rFire  . . .     SeeInvis .     F - +7 long sword of Lotidghin {speed, Fragile rPois Dex+3}
rCold  . . .     Gourm    .     k - +0 plate armour
rNeg   + + +     Faith    .     c - +0 shield
rPois  ∞         Spirit   .     (no helmet)
rElec  .         Reflect  .     (no cloak)
rCorr  .         Harm     .     s - +1 pair of gloves {archery}
MR     +....                    (no boots)
Stlth  ..........               (no amulet)
                                e - ring of fire
                                t - +5 ring of slaying

@: silence
A: no food or potions, fire vulnerability, cold resistance 1, negative energy
resistance 3, torment resistance, unbreathing
a: Renounce Religion


You were on level 4 of the Lair of Beasts.
You worshipped Gozag.
Gozag was most pleased with you.
You were not hungry.

You visited 2 branches of the dungeon, and saw 15 of its levels.
You also visited: Labyrinth and Ossuary.

You collected 3331 gold pieces.
You spent 603 gold pieces at shops.
You paid 1639 gold pieces to Gozag.

Inventory:

Hand Weapons
 q - a +4 long sword of electrocution
 F - the +7 long sword of Lotidghin (weapon) {speed, Fragile rPois Dex+3}
   (You bought it in a shop on level 9 of the Dungeon)

   Attacks with this weapon are significantly faster.
   It affects your dexterity (+3).
   It protects you from poison.
   It will be destroyed if unequipped.
Armour
 c - a +0 shield (worn)
 k - a +0 plate armour (worn)
 s - a +1 pair of gloves of archery (worn)
Rods
 p - a +0 rod of ignition (13/13)
   (You found it on level 7 of the Dungeon)
Jewellery
 e - a ring of fire (right hand)
 g - an uncursed ring of protection from cold
 m - an uncursed ring of protection from magic
 t - a +5 ring of slaying (left hand)
Wands
 a - a wand of digging (17/24)
 o - a wand of acid (0/15)
 u - a wand of digging (15/24)
 v - a wand of disintegration (11/24)
 y - a wand of lightning (10/15)
 z - a wand of polymorph (12/24)
 B - a wand of digging (15/24)
Scrolls
 b - a scroll of teleportation
 d - 2 scrolls of fear
 f - 4 scrolls of enchant weapon
 h - 4 scrolls of fog
 i - 3 scrolls of immolation
 j - 7 scrolls of remove curse
 l - a scroll of enchant armour
 n - 2 scrolls of blinking
 r - 2 scrolls of recharging
 w - a scroll of magic mapping
 A - a scroll of identify
 C - a scroll of noise {unknown}
 D - a scroll of holy word {unknown}
 E - a scroll of amnesia {unknown}


   Skills:
 + Level 9.5 Fighting
 + Level 7.1 Long Blades
 + Level 7.7 Armour
 + Level 7.0 Dodging
 + Level 7.6 Shields
 - Level 5.8 Evocations


You had 11 spell levels left.
You didn't know any spells.

Dungeon Overview and Level Annotations

Branches:
Dungeon (10/15)            Temple (0/1) D:5            Lair (5/6) D:9
  Swamp (0/4) Lair:2        Snake (0/4) Lair:2
  Slime: Lair:5-6       Orc: D:9-12

Altars:
Fedhas
Gozag
Nemelex Xobeh
Okawaru
Trog
Uskayaw
Vehumet
Xom

Shops:
D:8 *[   D:9 (

Annotations:
D:3 bande's ghost, amateur GrFi
Lair:4 alphappy's ghost, journeyman CeEE


Innate Abilities, Weirdness & Mutations

You do not eat or drink.
Your flesh is vulnerable to fire.
You are immune to poison.
Your flesh is cold resistant. (rC+)
You are immune to negative energy. (rN+++)
You are immune to unholy pain and torment.
You can survive without breathing.


Message History

Something hits the fungus.
Something hits the fungus.
Something hits the fungus.
The fungus is destroyed!
Alphappy's ghost whispers, "Death is liberation."
Alphappy's ghost points at the fungus and mumbles some strange words.
The wall shatters!
The blast of rock fragments hits you! Alphappy's ghost casts a spell at you.
The bolt of magma hits you!
As you read the scroll of silence, it crumbles to dust.
A profound silence engulfs you.
Alphappy's ghost gestures at you while chanting.
The bolt of magma hits you!
* * * LOW HITPOINT WARNING * * *
Unknown command.
Okay, then.
Alphappy's ghost points at you and mumbles some strange words.
The stone arrow hits you!
You die...
Your body crumbles into a pile of gold.

##.## #.##....P..#P.#.### ##.#.##
####.................
##.#.#.######.........####.#.P#..
#...##..##.##..#..>#...# #######.
..##............#P..#### #.<
..##..#.###.##..P...### #P.
.....##########P..#...## ######..
P.....##.## ####.......###.#.##..
#.........###.#.@................
....#..#..##......##...###.#.##..
.|#.......##...........P##..#....
..#..............................
###..............W###..##.#.#.#.P
#......#.#..##./.# ##.##........
#P.....####..##P.## #..###......
####..[# #.####..###.###.#...#.
####...## #..# ##.###....#.#..#..


You could see alphappy's ghost.

Vanquished Creatures
  A minotaur (Lab)
  Joseph (D:7)
  2 black mambas (Lair:1)
  7 spiny frogs
  2 rime drakes
  8 komodo dragons
  A troll (D:9)
  A minotaur skeleton (Lab)
  4 hippogriffs
  4 blink frogs (Lair:4)
  12 yaks
  A basilisk (Lair:4)
  A steam dragon (D:9)
  Menkaure (Ossuary)
  3 hungry ghosts
  3 nagas (Lair:2)
  6 porcupines
  5 water moccasins
  An ice beast (D:6)
  2 orc warriors (D:9)
  4 phantoms
  A necrophage (D:7)
  A sky beast (D:7)
  7 wolves
  An eye of draining (D:10)
  2 ogres
  6 centaurs
  15 crocodiles
  14 bullfrogs
  An earth elemental (Lab)
  4 scorpions
  6 wights
  A howler monkey (D:7)
  2 crimson imps
  2 bullfrog zombies
  A centaur zombie (D:9)
  A quasit (D:8)
  3 orc wizards (D:9)
  8 orc priests
  A jelly (D:6)
  A bullfrog skeleton (D:5)
  6 hounds
  Jessica (D:2)
  5 iguanas
  Terence (D:2)
  6 worker ants
  3 hound zombies
  2 hound skeletons (D:4)
  2 mummies
  A worker ant zombie (D:5)
  3 gnolls (D:6)
  15 adders
  A howler monkey skeleton (D:7)
  2 shadow imps
  2 oozes
  3 adder skeletons (D:4)
  2 adder zombies
  2 worms (D:3)
  5 dart slugs
  5 leopard geckos
  19 orcs
  A ball python (D:1)
  8 giant cockroaches
  7 gnoll zombies (Ossuary)
  12 goblins
  5 hobgoblins
  7 jackals
  6 kobolds
  5 quokkas
  7 bats
  2 frilled lizards
  3 gnoll skeletons (Ossuary)
  4 goblin skeletons (Ossuary)
  3 goblin zombies (Ossuary)
  3 hobgoblin skeletons (Ossuary)
  3 hobgoblin zombies (Ossuary)
  A kobold zombie (Ossuary)
  A leopard gecko zombie (D:8)
  4 orc skeletons (Ossuary)
  2 orc zombies (Ossuary)
  A quokka skeleton (D:9)
  4 rats
  2 rat skeletons (Ossuary)
  3 rat zombies (Ossuary)
  A plant (Lair:3)
329 creatures vanquished.

Vanquished Creatures (others)
  2 mummies (Ossuary)
  2 gnoll zombies (Ossuary)
  3 gnoll skeletons (Ossuary)
  A goblin zombie (Ossuary)
  2 hobgoblin skeletons (Ossuary)
  A kobold skeleton (Ossuary)
  3 kobold zombies (Ossuary)
  An orc skeleton (Ossuary)
  2 rat skeletons (Ossuary)
  2 bushes (Lair:3)
  7 fungi
  3 plants
29 creatures vanquished.

Grand Total: 358 creatures vanquished

Notes
Turn   | Place    | Note
-------+----------+-------------------------------------------
     0 | D:1      | Gingerlord the Mummy Fighter began the quest for the Orb.
     0 | D:1      | Reached XP level 1. HP: 18/18 MP: 1/1
   285 | D:1      | Reached XP level 2. HP: 23/24 MP: 2/2
   649 | D:1      | Reached XP level 3. HP: 29/29 MP: 3/3
   976 | D:2      | Found a radiant altar of Vehumet.
  1031 | D:2      | Noticed Jessica
  1034 | D:2      | Reached XP level 4. HP: 25/35 MP: 4/4
  1042 | D:2      | Killed Jessica
  1042 | D:2      | Reached skill level 1 in Dodging
  1270 | D:2      | Noticed Terence
  1281 | D:2      | Killed Terence
  1438 | D:2      | Found an opulent altar of Gozag.
  1441 | D:2      | Found a sparkling altar of Nemelex Xobeh.
  1444 | D:2      | Found a shimmering altar of Xom.
  1450 | D:2      | Became a worshipper of Gozag Ym Sagoz the Greedy
  1671 | D:2      | Found an opulent altar of Gozag.
  1827 | D:3      | Reached XP level 5. HP: 42/42 MP: 5/5
  1882 | D:3      | Noticed bande's ghost (amateur GrFi)
  2624 | D:4      | Noticed an ogre
  3064 | D:4      | Reached skill level 4 in Fighting
  3118 | D:4      | HP: 1/42 [ogre/giant club (13)]
  3465 | D:4      | Reached XP level 6. HP: 46/48 MP: 6/6
  3855 | D:4      | Reached XP level 7. HP: 26/55 MP: 7/7
  4210 | D:5      | Entered Level 5 of the Dungeon
  4379 | D:5      | Found an iron altar of Okawaru.
  4403 | D:5      | Found a sand-covered staircase.
  4417 | Ossuary  | Entered an ossuary
  4863 | Ossuary  | Noticed Menkaure
  4865 | Ossuary  | Killed Menkaure
  5003 | D:5      | Reached skill level 5 in Fighting
  5139 | D:5      | Found a staircase to the Ecumenical Temple.
  5244 | D:5      | Found a bloodstained altar of Trog.
  6711 | D:6      | Reached XP level 8. HP: 49/62 MP: 8/8
  6839 | D:6      | Found a hide-covered altar of Uskayaw.
  7544 | D:7      | Reached skill level 6 in Fighting
  7834 | D:7      | Reached skill level 5 in Shields
  7850 | D:7      | Identified a +0 rod of ignition (13/13) (You found it on level 7 of the Dungeon)
  7989 | D:7      | Noticed Joseph
  8012 | D:7      | Killed Joseph
  8012 | D:7      | Reached skill level 5 in Armour
  8012 | D:7      | Reached skill level 1 in Evocations
  8012 | D:7      | Reached XP level 9. HP: 35/70 MP: 8/10
  8670 | D:8      | Found Tynkuhea's Armour Shoppe.
  8678 | D:8      | Bought a +1 pair of gloves of archery for 231 gold pieces
  8797 | D:8      | Reached skill level 5 in Long Blades
  9170 | D:9      | Noticed a troll
  9191 | D:9      | Killed a troll
  9621 | D:9      | Reached skill level 7 in Fighting
  9631 | D:9      | Reached XP level 10. HP: 56/79 MP: 12/12
  9984 | D:8      | Bought a scroll of fear for 91 gold pieces
  9984 | D:8      | Bought a scroll labeled IHOTWOTEGUPS for 26 gold pieces
  9984 | D:8      | Bought a scroll labeled ABACWU JA SINO for 26 gold pieces
 10175 | D:8      | Reached skill level 5 in Dodging
 10670 | D:9      | Found a staircase to the Lair.
 11214 | D:10     | Entered Level 10 of the Dungeon
 11277 | D:10     | Noticed a hill giant
 11603 | Lair:1   | Entered Level 1 of the Lair of Beasts
 11646 | Lair:1   | Reached skill level 5 in Evocations
 11684 | Lair:1   | Found a labyrinth entrance.
 11693 | Lab      | Entered a labyrinth
 12659 | Lab      | Noticed a minotaur
 12666 | Lab      | Killed a minotaur
 12666 | Lab      | Reached XP level 11. HP: 86/86 MP: 13/15
 12672 | Lab      | Identified the Almanac of Stones
 12674 | Lab      | Identified Sif Muna's Almanac of Execration
 12676 | Lab      | Identified Lioliecy's Incunabulum of Changing
 12728 | Lair:1   | Reached skill level 8 in Fighting
 13397 | Lair:2   | Found a staircase to the Swamp.
 13898 | Lair:2   | Found a staircase to the Snake Pit.
 14651 | Lair:3   | Noticed a six-headed hydra
 14660 | Lair:3   | a six-headed hydra changed into something unseen
 14857 | Lair:3   | Reached skill level 9 in Fighting
 14880 | Lair:3   | Found a blossoming altar of Fedhas.
 15298 | Lair:4   | Reached XP level 12. HP: 49/95 MP: 16/16
 15839 | Lair:4   | Noticed alphappy's ghost (journeyman CeEE)
 16067 | D:9      | Bought a warped long sword for 229 gold pieces
 16067 | D:9      | Identified the +7 long sword of Lotidghin {speed, Fragile rPois Dex+3} (You bought it in a shop on level 9 of the Dungeon)
 17413 | Lair:4   | Killed from afar by alphappy's ghost

Skill      XL: |  1  2  3  4  5  6  7  8  9 10 11 12 |
---------------+-------------------------------------+-----
Long Blades    | 2 3 4 5 6 7 |  7.1
Armour         | 3 4 5 6 7 |  7.7
Dodging        | 1 2 3 4 5 6 7 |  7.0
Shields        | 3 4 5 6 7 |  7.6
Fighting       | 4 5 6 7 9 |  9.5
Evocations     | 1 3 5 |  5.8

Action                   |  1- 3 |  4- 6 |  7- 9 | 10-12 || total
-------------------------+-------+-------+-------+-------++-------
Melee: Long sword        |    85 |   270 |   768 |   468 ||  1591
Invok: Potion Petition   |       |     1 |       |     1 ||     2
       Call Merchant     |       |       |       |     2 ||     2
Evoke: Wand              |       |       |     1 |     9 ||    10
  Use: Scroll            |       |     8 |     7 |    10 ||    25
 Stab: Distracted        |       |       |       |     3 ||     3
Armor: Scale mail        |    43 |    18 |       |       ||    61
       Plate armour      |       |   244 |   435 |   181 ||   860
Dodge: Dodged            |    31 |    56 |   142 |   108 ||   337
Block: Shield            |    48 |   177 |   370 |   236 ||   831
       Rpst.: Long sword |    11 |    19 |    48 |    29 ||   107
